cohdb
Replays
Latest Replays
All Replays
Popular Replays
Top Player Replays
Match Explorer
How It Works
Community
CoH3 Stats
Reddit
Sign in to upload your games and track your stats! →
Sign in with Steam
Match 45973332
Unlisted
Match 45973332
Overview
Messages
Build Orders
End
Scout Squad
Engineer Squad
Construct Barracks
Selects Advanced Infantry Battlegroup
1⁄4-ton 4x4 Truck
Riflemen Squad
Air Support Center
Grenade Package
P-47 Dive Bomb
Riflemen Squad
Selects Convert to Ranger Squad
.30 cal Machine Gun
Riflemen Squad
Grasshopper Recon Run
P-47 Strafing Run
Air Supply
Selects Ammunition Storage
Convert to Ranger Squad
P-47 Dive Bomb
Grasshopper Recon Run
Engineer Squad
P-47 Strafing Run
P-47 Dive Bomb
M1918 Browning Automatic Rifles
Selects Frontline Medical Station
.30 cal Machine Gun
Grasshopper Recon Run
Frontline Medical Station
P-47 Strafing Run
Construct Motor Pool
P-47 Dive Bomb
Grasshopper Recon Run
P-47 Strafing Run
M24 Chaffee Light Tank
Grasshopper Recon Run
M1 Anti-tank Gun Team
P-47 Strafing Run
Grasshopper Recon Run
P-47 Dive Bomb
P-47 Strafing Run
Double Sortie
P-47 Dive Bomb
P-47 Strafing Run
P-47 Dive Bomb
GWOCHAT
Israffell
Timbomimbo
킴스
Dark Lord Cthulhu
MY BIG FAT ORK WEDDING
khon
IRAQI MZMZ
0
0
Comments
sign in to comment!
No comments posted yet!